 Dungeon Crawl Stone Soup version 0.26-a0-42-g4f27934 (webtiles) character file.

Game seed: 1926455103891646005

186 Balder the Skirmisher (level 5, -8/57 HPs)
             Began as an Ogre Berserker on June 2, 2020.
             Was a Believer of Trog.
             Splashed by a jelly's acid (9 damage)
             ... on level 3 of the Dungeon.
             The game lasted 00:06:33 (2379 turns).

Balder the Skirmisher (Ogre Berserker)              Turns: 2379, Time: 00:06:33

Health: -8/57      AC: -5    Str: 21    XL:     5   Next: 66%
Magic:  5/5        EV: 10    Int:  8    God:    Trog [**....]
Gold:   117        SH:  0    Dex:  9    Spells: 4/4 levels left

rFire    . . .     SeeInvis .   a - +0 war axe
rCold    . . .     Gourm    .   (no shield)
rNeg     . . .     Faith    .   b - +0 animal skin
rPois    .         Spirit   .   (helmet restricted)
rElec    .         Reflect  .   (no cloak)
rCorr    .         Harm     .   (gloves unavailable)
MR       .....                  (boots unavailable)
Stlth    +.........             (no amulet)
HPRegen  0.19/turn              (no ring)
MPRegen  0.09/turn              (no ring)

@: corroded
A: large, unfitting armour, tough skin 1
a: Berserk, Trog's Hand, Renounce Religion


You were on level 3 of the Dungeon.
You worshipped Trog.
Trog was pleased with you.
You were not hungry.

You visited 1 branch of the dungeon, and saw 3 of its levels.

You collected 117 gold pieces.

Inventory:

Hand Weapons
 a - a +0 war axe (weapon)
 m - a +0 hand axe
Missiles
 i - 8 poisoned darts (quivered)
Armour
 b - a +0 animal skin (worn)
Jewellery
 e - an uncursed ring of see invisible {unknown}
 f - an uncursed amulet of regeneration {unknown}
 o - an uncursed ring of ice {unknown}
Wands
 j - a wand of digging (6)
 q - a wand of flame (15)
Scrolls
 g - 2 scrolls of fog {unknown}
 h - a scroll of blinking {unknown}
 l - a scroll of identify {unknown}
 p - a scroll of remove curse {unknown}
Potions
 c - a potion of curing {unknown}
 d - a potion of magic {unknown}
 k - a potion of cancellation {unknown}
 r - a potion of flight {unknown}
Comestibles
 n - a ration
 s - 5 chunks of flesh


   Skills:
 * Level 5.4 Fighting
 * Level 4.5 Axes
 * Level 1.4 Throwing
 * Level 3.3 Dodging
 + Level 0.3 Stealth


You had 4 spell levels left.
You didn't know any spells.
Your spell library was empty.

Dungeon Overview and Level Annotations

Branches:
Dungeon (3/15)

Altars:
Elyvilon
Yredelemnul


Innate Abilities, Weirdness & Mutations

You are too large for most types of armour.
You have tough skin. (AC +1)


Message History

The jelly is heavily wounded.
A kobold comes into view. It is wielding a +0 club.
The jelly hits you.
You are splashed with acid!
You hit the jelly but do no damage.
Your hands burn!
The jelly is heavily wounded.
The jelly closely misses you.
You completely miss the jelly.
The jelly is heavily wounded.
The jelly hits you. The acid corrodes you!
You are splashed with acid.
* * * LOW HITPOINT WARNING * * *
The jelly hits you.
* * * LOW HITPOINT WARNING * * *
You are splashed with acid!
* * * LOW HITPOINT WARNING * * *
You barely miss the jelly.
The jelly is heavily wounded.
The jelly hits you.
* * * LOW HITPOINT WARNING * * *
You are splashed with acid!
You die...

........# ##.##
#......# #..#
#......# ##.##
#......########..#
#...............>#
...###.###########
###.#.........
#.............
#.####@###.##. #.
#J#
#.......So.....
#..##.###J##.#. #
... ... .## .#. #.
.. # # ?. ..#


You could see a jelly, an ooze and an adder.

Vanquished Creatures
  An orc priest (D:3)
  Jessica (D:2)
  Natasha (D:3)
  Ijyb (D:3)
  4 adders
  2 leopard geckos (D:1)
  2 orcs (D:3)
  3 ball pythons
  A giant cockroach (D:2)
  5 goblins
  2 hobgoblins
  8 bats
  2 frilled lizards (D:1)
  2 gnoll zombies (D:2)
  7 kobolds
  6 rats (D:1)
48 creatures vanquished.

Notes
Turn   | Place    | Note
-------+----------+-------------------------------------------
     0 | D:1      | Balder the Ogre Berserker began the quest for the Orb.
     0 | D:1      | Reached XP level 1. HP: 24/24 MP: 1/1
   164 | D:1      | Reached XP level 2. HP: 32/32 MP: 2/2
   676 | D:1      | Reached XP level 3. HP: 37/40 MP: 3/3
  1235 | D:2      | Found a basalt altar of Yredelemnul.
  1366 | D:2      | Reached ** piety under Trog
  1393 | D:2      | Found a white marble altar of Elyvilon.
  1394 | D:2      | Noticed Jessica
  1402 | D:2      | Killed Jessica
  1402 | D:2      | Reached skill level 5 in Fighting
  1402 | D:2      | Reached XP level 4. HP: 38/50 MP: 4/4
  1494 | D:2      | Reached skill level 1 in Throwing
  1979 | D:3      | Noticed Natasha
  1984 | D:3      | Killed Natasha
  1984 | D:3      | Reached XP level 5. HP: 44/57 MP: 5/5
  2171 | D:3      | Noticed Ijyb
  2179 | D:3      | Killed Ijyb
  2379 | D:3      | HP: 1/57 [jelly (3)]
  2379 | D:3      | Splashed by a jelly's acid

Illustrated notes

Levels and vault maps discovered:
D:1:      dpeg_arrival_lava_altar, layout_loops_ring, bh_walls_and_bars
D:2:      layout_loops_cross, lemuel_zombie_altar_yredelemnul,
          old_standard_altar, first_ration, kennysheep_boxes, uniq_jessica
D:3:      layout_basic, old_standard_altar, minmay_diced_spiral, uniq_sigmund,
          uniq_ijyb, uniq_natasha

Skill      XL: |  1  2  3  4 |
---------------+-------------+-----
Dodging        | 3 |  3.3
Fighting       | 5 |  5.4
Throwing       | 1 |  1.4
Axes           | 4 |  4.5
Stealth        | |  0.3

Action                   |  1- 3 |  4- 6 || total
-------------------------+-------+-------++-------
Melee: Hand axe          |    88 |    14 ||   102
       War axe           |       |    34 ||    34
Throw: Dart              |     2 |     2 ||     4
 Stab: Sleeping          |     1 |       ||     1
  Eat: Ration            |       |     1 ||     1
       Chunk             |       |     1 ||     1
Armor: Animal skin       |    25 |    10 ||    35
Dodge: Dodged            |    32 |    31 ||    63

Table legend:
 A = Non-vault XP
 B = Vault XP
 C = Vault XP percentage of total XP
 D = Non-vault monster count
 E = Vault monster count
 F = Vault count percentage of total count
                 A         B        C        D         E       F
            +---------+---------+-------+---------+---------+-------
      Total |     156 |     111 |  41.6 |      43 |       5 |  10.4
            +---------+---------+-------+---------+---------+-------
        D:1 |      37 |       0 |   0.0 |      24 |       0 |   0.0
        D:2 |      57 |      40 |  41.2 |      13 |       3 |  18.8
        D:3 |      62 |      71 |  53.4 |       6 |       2 |  25.0
            +---------+---------+-------+---------+---------+-------
